 Dungeon Crawl Stone Soup version 0.26.0-7-g794d0892b4 (webtiles) character file.

Game seed: 16993238816406306591

359 pokeman the Magician (level 6, -3/34 HPs)
             Began as a Deep Elf Hedge Wizard on Jan 10, 2021.
             Killed by divine providence
             ... invoked by an orc priest
              (17 damage)
             ... on level 4 of the Dungeon.
             The game lasted 00:09:37 (4879 turns).

pokeman the Magician (Deep Elf Hedge Wizard)        Turns: 4879, Time: 00:09:38

Health: -3/34      AC:  7    Str:  7    XL:     6   Next: 37%
Magic:  10/18      EV: 27    Int: 21    God:
Gold:   242        SH:  0    Dex: 14    Spells: 8/19 levels left

rFire    + . .     SeeInvis .   w - +1 hand axe (elec)
rCold    . . .     Faith    .   (no shield)
rNeg     . . .     Spirit   .   v - +0 leather armour (curse)
rPois    .         Reflect  .   g - +0 helmet
rElec    .         Harm     .   (no cloak)
rCorr    .         Rampage  .   (no gloves)
Will     .....                  p - +2 pair of boots
Stlth    ++........             e - amulet of the acrobat
HPRegen  0.11/turn              b - ring of fire
MPRegen  0.16/turn              t - ring of protection from cold

@: acrobat
A: no striking features
a: no special abilities


You were on level 4 of the Dungeon.
You visited 1 branch of the dungeon, and saw 4 of its levels.

You collected 242 gold pieces.

Inventory:

Hand Weapons
 w - a +1 hand axe of electrocution (weapon)
Missiles
 u - 36 arrows
Armour
 g - a +0 helmet (worn)
 j - a +0 kite shield
 p - a +2 pair of boots (worn)
 v - a cursed +0 leather armour (worn)
Jewellery
 b - a ring of fire (left hand)
 e - an amulet of the acrobat (around neck)
 t - a ring of protection from cold (right hand)
Wands
 y - a wand of acid (8)
Scrolls
 f - 3 scrolls of amnesia {unknown}
 h - 3 scrolls of remove curse {unknown}
 l - a scroll of identify {unknown}
 m - 2 scrolls of magic mapping {unknown}
 o - 2 scrolls of fog {unknown}
 q - a scroll of teleportation {unknown}
 r - a scroll of immolation {unknown}
 s - a scroll of enchant weapon {unknown}
Potions
 a - a potion of degeneration {unknown}
 c - a potion of flight {unknown}
 d - 2 potions of heal wounds {unknown}
 i - 2 potions of brilliance {unknown}
 k - 2 potions of attraction {unknown}
 n - 3 potions of curing {unknown}
 x - a potion of lignification {unknown}


   Skills:
 - Level 1.0 Fighting
 - Level 1.0 Armour
 - Level 3.0 Dodging
 - Level 3.0 Stealth
 - Level 1.0 Shields
 * Level 7.1 Spellcasting
 + Level 3.1 Conjurations
 - Level 1.1 Summonings
 - Level 1.1 Translocations
 - Level 1.0 Fire Magic
 - Level 1.0 Air Magic
 + Level 0.5 Poison Magic
 + Level 0.4 Evocations


You had 8 spell levels left.
You knew the following spells:

 Your Spells              Type           Power        Failure   Level
a - Magic Dart            Conj           80%          3%          1
b - Mephitic Cloud        Conj/Pois/Air  14%          21%         3
c - Call Imp              Summ           12%          12%         2
d - Blink                 Tloc           N/A          12%         2
e - Conjure Flame         Conj/Fire      24%          16%         3

Your spell library contained the following spells:

 Spells                   Type           Power        Failure   Level
 Slow                     Hex            7%           19%         2


Dungeon Overview and Level Annotations

Branches:
Dungeon (4/15)
 Temple: D:4-7

Altars:
Ashenzari
Okawaru
Trog

Annotations:
D:4 Eustachio


Message History

You closely miss the orc. The orc closely misses you.
Unknown command.
An orc comes into view.
The orc closely misses you.
The orc throws a boomerang.
The boomerang completely misses you.
The weapon returns to the orc!
An orc priest comes into view. It is wielding a +0 club.
The orc completely misses you.
An orc wizard comes into view. It is wielding a +0 dagger.
The orc wizard shouts!
The orc hits you with a +0 dagger.
Eustachio the Magnificent comes into view.
He is wielding a +2 rapier of venom.
The orc throws a boomerang.
The boomerang completely misses you.
The weapon returns to the orc!
The orc wizard gestures wildly while chanting.
The orc wizard seems to speed up.
The orc priest calls down the wrath of Beogh upon you.
Beogh smites you!
Ouch! That really hurt!
You die...

... ##........##..........
....#...####.###.........#
..<.....# ####........##
.#......####)#))......##
##...#.o##...)###...## .
##....oo...).##...## ..
##.###..o.#.##....## .#
#.. ##..o#.......o#..# ##
###.@@..)##o....##
##..###......... .....#
##..).o).. ......#
#........ ..##.###
..###.... . #. ...# #...
.. ....# .. .. .....#
.#...##


You could see Eustachio (wandering), an orc priest, an orc wizard (fast) and 3
orcs.

Vanquished Creatures
  2 orc wizards
  2 orc priests
  A worker ant (D:3)
  9 adders
  3 worms
  11 dart slugs
  3 leopard geckos
  21 orcs
  4 giant cockroaches
  5 hobgoblins
  9 kobolds
  2 ball pythons
  10 bats
  3 frilled lizards (D:1)
  7 goblins
  A jackal skeleton (D:4)
  9 rats
102 creatures vanquished.

Vanquished Creatures (collateral kills)
  An orc (D:2)
1 creature vanquished.

Grand Total: 103 creatures vanquished

Notes
Turn   | Place    | Note
-------+----------+-------------------------------------------
     0 | D:1      | pokeman the Deep Elf Hedge Wizard began the quest for the
                  | Orb.
     0 | D:1      | Reached XP level 1. HP: 10/10 MP: 7/7
   270 | D:1      | Reached XP level 2. HP: 16/16 MP: 5/9
  1015 | D:1      | Reached skill level 5 in Spellcasting
  1197 | D:1      | Reached XP level 3. HP: 20/20 MP: 8/11
  1201 | D:1      | Learned a level 3 spell: Mephitic Cloud
  1204 | D:1      | Learned a level 2 spell: Call Imp
  1207 | D:1      | Learned a level 2 spell: Blink
  1211 | D:1      | Learned a level 3 spell: Conjure Flame
  1752 | D:2      | Reached skill level 1 in Armour
  1942 | D:2      | Reached skill level 1 in Fighting
  1996 | D:2      | Reached XP level 4. HP: 25/25 MP: 7/13
  2592 | D:2      | Reached skill level 6 in Spellcasting
  3007 | D:3      | Reached XP level 5. HP: 26/29 MP: 11/15
  3224 | D:3      | Reached skill level 1 in Shields
  3454 | D:3      | Reached skill level 1 in Fire Magic
  3908 | D:3      | Reached XP level 6. HP: 34/34 MP: 3/17
  4106 | D:3      | Found a faded altar of an unknown god.
  4106 | D:3      | Found a broken altar of Ashenzari.
  4113 | D:3      | Found a bloodstained altar of Trog.
  4120 | D:3      | Found a faded altar of an unknown god.
  4121 | D:3      | Found an iron altar of Okawaru.
  4667 | D:4      | Reached skill level 1 in Air Magic
  4874 | D:4      | Reached skill level 7 in Spellcasting
  4879 | D:4      | Noticed Eustachio
  4879 | D:4      | Killed from afar by an orc priest

Illustrated notes

Levels and vault maps discovered:
D:1:      dpeg_arrival_renting, layout_loops_ring
D:2:      layout_loops_corners
D:3:      kennysheep_slugbush, layout_basic,
          chequers_temple_overflow_minitemple, st_stairs_6
D:4:      layout_cave_pools, minmay_crossroads, uniq_eustachio

Skill      XL: |  1  2  3  4  5  6 |
---------------+-------------------+-----
Spellcasting   | 5 6 7 |  7.1
Armour         | 1 |  1.0
Conjurations   | 2 3 |  3.1
Fighting       | 1 |  1.0
Dodging        | 3 |  3.0
Shields        | 1 |  1.0
Fire Magic     | 1 |  1.0
Stealth        | 3 |  3.0
Air Magic      | 1 |  1.0
Summonings     | |  1.1
Translocations | |  1.1
Poison Magic   | |  0.5
Evocations     | |  0.4

Action                   |  1- 3 |  4- 6 || total
-------------------------+-------+-------++-------
Melee: Dagger            |    12 |    37 ||    49
       Hand axe          |       |    29 ||    29
 Cast: Magic Dart        |    95 |   154 ||   249
       Call Imp          |       |     4 ||     4
       Mephitic Cloud    |       |     7 ||     7
 Stab: Confused          |       |     3 ||     3
       Sleeping          |       |     1 ||     1
Armor: Robe              |     3 |     8 ||    11
       Leather armour    |       |    16 ||    16
Dodge: Dodged            |    25 |    70 ||    95
